 Dungeon Crawl Stone Soup version 0.27-a0-1202-ge72e49191c (webtiles) character file.

Game seed: 1666132490503799399

608 Kinoniko the Slasher (level 7, -1/85 HPs)
             Began as a Yellow Draconian Berserker on June 3, 2021.
             Was a Priest of Trog.
             Succumbed to a kobold's poison
             ... on level 5 of the Dungeon.
             The game lasted 00:04:33 (4731 turns).

Kinoniko the Slasher (Yellow Draconian Berserker)   Turns: 4731, Time: 00:04:34

Health: -1/85      AC:  6    Str: 19    XL:     7   Next: 19%
Magic:  7/7        EV:  9    Int:  7    God:    Trog [***...]
Gold:   201        SH:  8    Dex: 13    Spells: 6/6 levels left

rFire    . . .     SeeInvis .   q - +9 flail "Tujigirch" {vamp, rN+}
rCold    . . .     Faith    .   v - +0 kite shield
rNeg     + . .     Spirit   .   (armour unavailable)
rPois    .         Reflect  .   (helmet restricted)
rElec    .         Harm     .   (no cloak)
rCorr    +         Rampage  .   (no gloves)
Will     .....                  (no boots)
Stlth    ..........             (no amulet)
HPRegen  0.24/turn              (no ring)
MPRegen  0.10/turn              (no ring)

@: berserking (expiring), lethally poisoned (-1 -> -11), very quick
A: spit acid, AC +6, unfitting armour, cold-blooded, acid resistance
a: Breathe Acid, Renounce Religion, Berserk, Trog's Hand


You were on level 5 of the Dungeon.
You worshipped Trog.
Trog was most pleased with you.
You visited 1 branch of the dungeon, and saw 5 of its levels.

You collected 201 gold pieces.

Inventory:

Hand Weapons
 q - the +9 flail "Tujigirch" (weapon) {vamp, rN+}
   (You took it off a goblin on level 4 of the Dungeon)

   It inflicts no extra harm, but heals its wielder when it wounds a living foe.
   It protects you from negative energy.
Armour
 h - a scarf of harm
 v - a +0 kite shield (worn)
Jewellery
 p - a ring of fire
Scrolls
 e - a scroll of noise
 g - 4 scrolls of teleportation
 j - 2 scrolls of summoning
 k - a scroll of brand weapon
 o - 3 scrolls of magic mapping
 r - a scroll of enchant weapon
 u - a scroll of amnesia
Potions
 b - 2 potions of invisibility {unknown}
 c - a potion of ambrosia {unknown}
 d - 2 potions of might {unknown}
 f - a potion of magic {unknown}
 i - 4 potions of curing {unknown}
 l - a potion of degeneration {unknown}
 m - 2 potions of haste {unknown}
 n - a potion of brilliance {unknown}
 s - a potion of berserk rage {unknown}


   Skills:
 - Level 3.2 Fighting
 - Level 7.4 Long Blades
 * Level 3.3 Maces & Flails
 - Level 2.6 Dodging
 + Level 1.2 Shields


You had 6 spell levels left.
You didn't know any spells.
Your spell library was empty.

Dungeon Overview and Level Annotations

Branches:
Dungeon (5/15)
 Temple: D:4-7

Altars:
Cheibriados


Innate Abilities, Weirdness & Mutations

You can spit globs of acid.
Your golden yellow scales are hard. (AC +6)
You cannot fit into any form of body armour.
You are cold-blooded and may be slowed by cold attacks.
You are resistant to acid. (rCorr)


Message History

The hound bites you.
* * * LOW HITPOINT WARNING * * *
The kobold hits you but does no damage. x2; The hound bites you.
* * * LOW HITPOINT WARNING * * *
The kobold hits you with a +0 whip.
* * * LOW HITPOINT WARNING * * *
The kobold hits you but does no damage.
Your Maces & Flails skill increases to level 3!
Your Shields skill increases to level 1!
You thump the hound!
You feel better.
Your tail-slap misses the hound.
The hound is almost dead.
The hound bites you but does no damage. You block the hound's attack.
A kobold comes into view. It is wielding a +1 whip of venom.
The kobold barely misses you. The kobold hits you but does no damage.
The hound bites you.
* * * LOW HITPOINT WARNING * * *
You sock the hound!
You kill the hound!
Trog accepts your kill. The kobold hits you but does no damage.
You block the kobold's attack. You block the phantom's attack.
The kobold barely misses you. The phantom hits you.
* * * LOW HITPOINT WARNING * * *
The kobold barely misses you.
You closely miss the kobold.
Your tail-slap misses the kobold.
You feel yourself speed up. You block the kobold's attack.
The kobold hits you but does no damage. You block the phantom's attack.
Unknown command.
You sock the kobold!
You feel better.
You kill the kobold!
Trog accepts your kill. The kobold hits you but does no damage.
You are lethally poisoned!
The kobold completely misses you. The phantom hits you.
* * * LOW HITPOINT WARNING * * *
You bludgeon the kobold!!
You kill the kobold!
Trog accepts your kill.
You die...

#. ##.. # .... .#
###.#######.####
................
#.# #....W)K..# #.#
#....)@...# ..#.#
#.(.......# ..#.#
#.............
#.#.#
#.........####
#.#.# #.####..#.# #
#.#.# #.# #..#.#
#.#.#.###.####....#
#.#.#...........###
#.........#####.#


You could see a phantom and a kobold.

Vanquished Creatures
  An ogre (D:5)
  A kobold brigand (D:5)
  A scorpion (D:4)
  A howler monkey (D:4)
  A jelly (D:4)
  A hound (D:5)
  An iguana (D:5)
  2 orc wizards (D:3)
  A hound skeleton (D:4)
  4 gnolls
  7 adders
  2 worms
  2 dart slugs
  6 orcs
  5 bats (D:1)
  9 endoplasms
  2 giant cockroaches
  15 hobgoblins
  6 jackals
  8 kobolds
  2 quokkas
  5 ball pythons
  5 frilled lizards
  6 goblins
  4 rats
98 creatures vanquished.

Vanquished Creatures (others)
  An orc wizard (D:3)
1 creature vanquished.

Grand Total: 99 creatures vanquished

Notes
Turn   | Place    | Note
-------+----------+-------------------------------------------
     0 | D:1      | Kinoniko the Draconian Berserker began the quest for the
                  | Orb.
     0 | D:1      | Reached XP level 1. HP: 19/19 MP: 1/1
   141 | D:1      | Reached XP level 2. HP: 26/26 MP: 2/2
   769 | D:1      | Reached skill level 4 in Long Blades
   814 | D:1      | Reached XP level 3. HP: 28/31 MP: 3/3
   875 | D:1      | Found a faded altar of an unknown god.
  1606 | D:2      | Reached ** piety under Trog
  1900 | D:2      | Reached XP level 4. HP: 25/38 MP: 4/4
  1902 | D:2      | Reached skill level 5 in Long Blades
  2676 | D:3      | Reached XP level 5. HP: 45/45 MP: 5/5
  2693 | D:3      | Reached skill level 6 in Long Blades
  3121 | D:3      | Found a snail-covered altar of Cheibriados.
  3829 | D:4      | Reached XP level 6. HP: 51/51 MP: 6/6
  3978 | D:4      | Reached skill level 7 in Long Blades
  4001 | D:4      | Identified the +9 flail "Tujigirch" {vamp, rN+}
  4253 | D:4      | Reached *** piety under Trog
  4254 | D:4      | Reached skill level 1 in Maces & Flails
  4539 | D:5      | Entered Level 5 of the Dungeon
  4723 | D:5      | Your scales start taking on a golden yellow colour.
  4723 | D:5      | Reached XP level 7. HP: 31/57 MP: 7/7
  4723 | D:5      | Gained mutation: You are resistant to acid. (rCorr) [Yellow
                  | Draconian growth]
  4727 | D:5      | Reached skill level 1 in Shields
  4728 | D:5      | HP: 2/85 [phantom (6)]
  4731 | D:5      | Succumbed to a kobold's poison

Illustrated notes

Levels and vault maps discovered:
D:1:      minmay_arrival_open_corners, layout_basic,
          ebering_ecumenical_altar_petrified, minmay_unequal
D:2:      layout_basic
D:3:      layout_basic, overflow_temple_1_default
D:4:      minmay_door_path, layout_rooms, minmay_increasing_density
D:5:      layout_basic, skrybe_limestone_x, kennysheep_diamond

Skill      XL: |  1  2  3  4  5  6  7 |
---------------+----------------------+-----
Long Blades    | 4 5 6 7 |  7.4
Maces & Flails | 2 3 |  3.3
Shields        | 1 |  1.2
Fighting       | |  3.2
Dodging        | |  2.6

Action                   |  1- 3 |  4- 6 |  7- 9 || total
-------------------------+-------+-------+-------++-------
Melee: Falchion          |   135 |   119 |       ||   254
       Tailslap          |    12 |    24 |       ||    36
       Flail             |       |    32 |     8 ||    40
Invok: Berserk           |     1 |     5 |       ||     6
  Use: Scroll            |       |     8 |       ||     8
 Stab: Sleeping          |     1 |     4 |       ||     5
Armor: Skin              |    40 |    46 |     9 ||    95
Dodge: Dodged            |    96 |    94 |     6 ||   196
Block: Kite shield       |       |     5 |     8 ||    13
       Rpst.: Falchion   |    32 |    23 |       ||    55

Table legend: (Time is in decaauts)
 A = Elapsed time spent in this place.
 B = Non-inter-level travel time spent in this place.
 C = Inter-level travel time spent in this place.
 D = Time resting spent in this place.
 E = Time spent auto-exploring this place.
 F = Levels seen in this place.
 G = Mean time per level.
                   A        B        C        D        E       F      G
               +--------+--------+--------+--------+--------+-----+--------+
         Total |   4813 |   4547 |    266 |    713 |   3182 |   5 |  962.6 |
       Dungeon |   4813 |   4547 |    266 |    713 |   3182 |   5 |  962.6 |
               +--------+--------+--------+--------+--------+-----+--------+

Top non-repeatable levels by time:
     D:1: 1320 daAuts
     D:4: 1228 daAuts
     D:3: 1103 daAuts
     D:2: 1019 daAuts
     D:5: 141 daAuts
